 Dungeon Crawl Stone Soup version 0.20-a0-1116-gaa52201 (webtiles) character file.

189 MydosGodOfBeginnings the Cudgeler (level 5, -2/41 HPs)
             Began as a Mummy Fighter on May 8, 2017.
             Slain by a centaur (3 damage)
             ... on level 4 of the Dungeon.
             The game lasted 00:04:04 (2786 turns).

MydosGodOfBeginnings the Cudgeler (Mummy Fighter)   Turns: 2786, Time: 00:04:06

Health: -2/41      AC:  8    Str: 20    XL:     5   Next: 40%
Magic:  5/5        EV:  7    Int:  8    God:
Gold:   157        SH:  8    Dex: 11    Spells: 4/4 levels left

rFire    x . .     SeeInvis .   a - +0 flail
rCold    + . .     Gourm    .   c - +0 shield
rNeg     + + +     Faith    .   b - +0 scale mail
rPois    ∞         Spirit   .   h - +1 helmet
rElec    .         Reflect  .   (no cloak)
rCorr    .         Harm     .   (no gloves)
MR       .....                  (no boots)
Stlth    ..........             (no amulet)
Regen    0.2/turn               k - ring of flight
MPRegen  0.1/turn               (no ring)

@: no status effects
A: no food or potions, fire vulnerability, cold resistance 1, negative energy
resistance 3, torment resistance, unbreathing
a: Evoke Flight


You were on level 4 of the Dungeon.
You were not hungry.

You visited 1 branch of the dungeon, and saw 4 of its levels.

You collected 157 gold pieces.

Inventory:

Hand Weapons
 a - a +0 flail (weapon)
Armour
 b - a +0 scale mail (worn)
 c - a +0 shield (worn)
 h - a +1 helmet (worn)
Jewellery
 g - an uncursed ring of ice
 k - a ring of flight (left hand)
Wands
 m - a wand of random effects (26/48)
Scrolls
 d - 5 scrolls of teleportation {unknown}
 e - 4 scrolls of identify {unknown}
 f - 2 scrolls of remove curse {unknown}
 i - a scroll of blinking {unknown}
 j - a scroll of amnesia {unknown}
 l - 3 scrolls of enchant weapon {unknown}


   Skills:
 - Level 3.0 Fighting
 + Level 4.7 Maces & Flails
 - Level 2.4 Armour
 - Level 2.4 Shields


You had 4 spell levels left.
You didn't know any spells.

Dungeon Overview and Level Annotations

Branches:
Dungeon (4/15)
 Temple: D:4-7

Altars:
Ashenzari
Ru


Innate Abilities, Weirdness & Mutations

You do not eat or drink.
Your flesh is vulnerable to fire.
You are immune to poison.
Your flesh is cold resistant. (rC+)
You are immune to negative energy. (rN+++)
You are immune to unholy pain and torment.
You can survive without breathing.


Message History

You hit the centaur.
The centaur is lightly wounded.
The centaur hits you but does no damage.
You block the centaur's attack.
You closely miss the centaur.
The centaur is lightly wounded.
The centaur hits you!
* * * LOW HITPOINT WARNING * * *
You block the centaur's attack.
You barely miss the centaur.
The centaur is lightly wounded.
You block the centaur's attack.
The centaur hits you but does no damage.
You barely miss the centaur.
The centaur is lightly wounded.
The centaur closely misses you.
You hit the centaur.
The centaur is lightly wounded.
The centaur hits you.
You die...

.... ###...#
#.....# #)....#
#.....# #.....#
+c....# ######
####@....## #.(..#
#..(......#
#.##.####.#.#+##..#
#.............# .#
####.##########
#..........
#..######## #..#
#..#


You could see a centaur.

Vanquished Creatures
  An orc wizard (D:2)
  Ijyb (D:3)
  A hound skeleton (D:4)
  5 adders
  3 worms
  2 dart slugs (D:1)
  3 leopard geckos
  An orc (D:3)
  A giant cockroach (D:2)
  10 goblins
  5 hobgoblins
  4 jackals
  6 kobolds
  A quokka (D:2)
  7 bats
  5 frilled lizards
  10 rats
66 creatures vanquished.

Notes
Turn   | Place    | Note
-------+----------+-------------------------------------------
     0 | D:1      | MydosGodOfBeginnings the Mummy Fighter began the quest for the Orb.
     0 | D:1      | Reached XP level 1. HP: 18/18 MP: 1/1
   136 | D:1      | Reached skill level 2 in Maces & Flails
   142 | D:1      | Reached XP level 2. HP: 5/24 MP: 2/2
   897 | D:1      | Reached XP level 3. HP: 25/29 MP: 3/3
   964 | D:2      | Found a shattered altar of Ashenzari.
   983 | D:2      | Reached skill level 3 in Maces & Flails
  1608 | D:2      | Found a sacrificial altar of Ru.
  1629 | D:2      | Reached XP level 4. HP: 18/35 MP: 4/4
  2177 | D:3      | Reached skill level 4 in Maces & Flails
  2363 | D:3      | Noticed Ijyb
  2378 | D:3      | Killed Ijyb
  2378 | D:3      | Reached XP level 5. HP: 39/41 MP: 5/5
  2770 | D:4      | Noticed a centaur
  2783 | D:4      | HP: 1/41 [centaur (7)]
  2786 | D:4      | Slain by a centaur

Vault maps used:
D:1:      nagdon_arrival_zigzag_paths
D:2:      minmay_door_path, ashenzari_conservatory_becter,
          nicolae_ru_great_annihilating_truth, minmay_octomino_j4
D:3:      first_bread, grunt_decor_cap, uniq_ijyb
D:4:      overflow_temple_1_default, serial_bayou_pond_c, grunt_ministairs_10,
          minmay_misc_feat_tiny, fountainhead

Skill      XL: |  1  2  3  4 |
---------------+-------------+-----
Maces & Flails | 2 3 4 |  4.7
Fighting       | |  3.0
Armour         | |  2.4
Shields        | |  2.4

Action                   |  1- 3 |  4- 6 || total
-------------------------+-------+-------++-------
Melee: Flail             |   205 |    97 ||   302
 Stab: Paralysed         |       |     1 ||     1
Armor: Scale mail        |    96 |    50 ||   146
Dodge: Dodged            |    61 |    21 ||    82
Block: Shield            |   106 |    33 ||   139
